 Dungeon Sprint DCSS version 0.29-a0-284-gf9362112df (webtiles) character file.

Game seed: 1348627628602406064

91 mhtbhm the Spear-Bearer (level 4, -8/41 HPs)
             Began as a Merfolk Berserker on Mar 26, 2022.
             Was an Elder of Trog.
             Mangled by a gnoll
             ... wielding a +0 spear
              (10 damage)
             ... in the Dungeon (Sprint VII: "The Pits").
             The game lasted 00:00:36 (423 turns).

mhtbhm the Spear-Bearer (Merfolk Berserker)          Turns: 423, Time: 00:00:37

Health: -8/41      AC:  2    Str: 19    XL:     4   Next: 57%
Magic:  4/4        EV: 13    Int:  6    God:    Trog [****..]
Gold:   0          SH:  0    Dex: 13    Spells: 3/3 levels left

rFire   . . .      SeeInvis .   j - +2 trident
rCold   . . .      Faith    .   (no shield)
rNeg    . . .      Spirit   .   b - +0 animal skin
rPois   .          Reflect  .   (no helmet)
rElec   .          Harm     .   (no cloak)
rCorr   .          Rampage  .   (no gloves)
Will    .....      NoTele   +   (no boots)
Stlth   +.........              (no amulet)
HPRegen 0.13/turn               (no ring)
MPRegen 0.09/turn               (no ring)

@: lit by a corona, on berserk cooldown, slowed, glowing, very slow
A: (nimble swimmer 2), mertail
a: Renounce Religion, Berserk, Trog's Hand, Brothers in Arms


You were in the Dungeon.
You worshipped Trog.
Trog was greatly pleased with you.
You visited 1 branch

Inventory:

Hand Weapons
 j - a +2 trident (weapon)
Armour
 b - a +0 animal skin (worn)
Scrolls
 a - a scroll of summoning
 h - a scroll of blinking
Potions
 c - a potion of curing
 d - a potion of heal wounds
 e - a potion of haste
 f - 4 potions of magic
 g - 3 potions of berserk rage
 i - 2 potions of invisibility


   Skills:
 + Level 6.5 Fighting
 + Level 8.1 Polearms
 + Level 2.2 Armour
 + Level 4.2 Dodging
 + Level 2.5 Stealth


You had 3 spell levels left.
You didn't know any spells.
Your spell library was empty.

Dungeon Overview and Level Annotations

Branches:
Dungeon (1/1)

Altars:
Gozag
Hepliaklqana
Sif Muna
Trog
Jiyva


Innate Abilities, Weirdness & Mutations

((You are very nimble when in or above water. (Stealth+, EV+, Speed+++)))
Your lower body shifts to a powerful aquatic tail in water.


Message History

You kill the gnoll!
Trog accepts your kill. The rat closely misses you.
The gnoll closely misses you.
Your Fighting skill increases to level 6!
You have reached level 4!
You closely miss the gnoll shaman.
The gnoll shaman hits you with a +0 whip!
* * * LOW HITPOINT WARNING * * *
The rat bites you.
* * * LOW HITPOINT WARNING * * *
The gnoll closely misses you.
You hit the gnoll shaman.
The gnoll shaman is moderately wounded.
You puncture the gnoll shaman!
The gnoll shaman is almost dead.
The rat closely misses you. The gnoll closely misses you.
The gnoll shaman calls down the wrath of its god upon you.
You are outlined in light.
You hit the gnoll shaman.
You kill the gnoll shaman!
Trog accepts your kill. The rat bites you.
* * * LOW HITPOINT WARNING * * *
The gnoll hits you with a +0 spear.
* * * LOW HITPOINT WARNING * * *
Your Polearms skill increases to level 8!
Your Dodging skill increases to level 4!
Unknown command.
You hit the gnoll.
The gnoll is heavily wounded.
You are no longer berserk.
You are exhausted.
You feel yourself slow down.
You hit the gnoll.
The gnoll is almost dead.
The rat bites you.
* * * LOW HITPOINT WARNING * * *
The gnoll barely misses you. The rat misses you.
The gnoll hits you with a +0 spear!
You die...

#.........).'.........
#+#####÷#####......#..
#..#..# #.........
#..'..# ####'#####
#..#### #.......#
#).#..# #.......#
#.†#..# #.......#
##'#g.#+###...<...#
#.r@)....##.......#
#........##.......#
###########.......#
#########


You could see a gnoll and a rat.

Vanquished Creatures
  A gnoll shaman (D)
  4 gnolls (D)
  An adder (D)
  An ufetubus (D)
  An orc (D)
  2 bats (D)
  A bat skeleton (D)
  A kobold (D)
  A quokka (D)
13 creatures vanquished.

Notes
Turn   | Place    | Note
-------+----------+-------------------------------------------
     0 | D        | mhtbhm the Merfolk Berserker began the quest for the Orb.
     0 | D        | Reached XP level 1. HP: 18/18 MP: 1/1
    19 | D        | Found a bloodstained altar of Trog.
    19 | D        | Found a shimmering blue altar of Sif Muna.
    19 | D        | Found a viscous altar of Jiyva.
    19 | D        | Found a hazy altar of Hepliaklqana.
    19 | D        | Found an opulent altar of Gozag.
    67 | D        | Reached ** piety under Trog
    68 | D        | Reached skill level 5 in Polearms
    68 | D        | Reached XP level 2. HP: 8/26 MP: 2/2
   405 | D        | Reached skill level 5 in Fighting
   405 | D        | Reached skill level 6 in Polearms
   405 | D        | Reached skill level 1 in Stealth
   405 | D        | Reached XP level 3. HP: 33/33 MP: 3/3
   406 | D        | Reached *** piety under Trog
   414 | D        | Reached **** piety under Trog
   415 | D        | Reached skill level 7 in Polearms
   418 | D        | Reached XP level 4. HP: 23/40 MP: 4/4
   422 | D        | Reached skill level 8 in Polearms
   423 | D        | HP: 2/41 [rat (2)]
   423 | D        | Mangled by a gnoll

Illustrated notes

Levels and vault maps discovered:
D:        pitsprint [storerooms_1, entrance_room_1, metal_vault_2, armoury_3,
          mini_pit_1, grid_room_1, main_hall_1, silver_pit, the_coven_3,
          the_vestibule_1, steel_vault_5, golden_pit, hallway_of_sentries,
          crystal_vault_1, iron_vault_1, final_vault]

Skill      XL: |  1  2  3  4 |
---------------+-------------+-----
Dodging        | 3 4 |  4.2
Fighting       | 4 5 6 |  6.5
Polearms       | 5 6 7 8 |  8.1
Stealth        | 1 2 |  2.5
Armour         | 2 |  2.2

Action                   |  1- 3 |  4- 6 || total
-------------------------+-------+-------++-------
Melee: Trident           |    35 |     6 ||    41
       Spear             |     2 |       ||     2
Invok: Berserk           |     2 |       ||     2
 Stab: Sleeping          |     2 |       ||     2
Armor: Animal skin       |     4 |       ||     4
Dodge: Dodged            |    27 |     5 ||    32

Table legend: (Time is in decaauts)
 A = Elapsed time spent in this place.
 B = Non-inter-level travel time spent in this place.
 C = Inter-level travel time spent in this place.
 D = Time resting spent in this place.
 E = Time spent auto-exploring this place.
 F = Levels seen in this place.
 G = Mean time per level.
                   A        B        C        D        E       F      G
               +--------+--------+--------+--------+--------+-----+--------+
         Total |    426 |    426 |      0 |    329 |      0 |   1 |  426.0 |
       Dungeon |    426 |    426 |      0 |    329 |      0 |   1 |  426.0 |
               +--------+--------+--------+--------+--------+-----+--------+

Top non-repeatable levels by time:
       D: 426 daAuts
